Knights vs Staline
Created - 14 février 2017 at 20:03
Goals
|
Knights |
0 |
1 |
2 |
3 |
Staline |
0 |
2 |
4 |
6 |
|
Shots
|
Knights |
13 |
12 |
11 |
36 |
Staline |
7 |
13 |
9 |
29 |
|
1st period
No Goal
Penalties :
Matt Pettinger (StJ) for Holding Stick (Minor) at 9:59
2nd period
1. Knights , James Wright 15 (Chris Thorburn, Michael Raffl) at 4:40 (PP)
2. Staline , Tobias Rieder 3 (Nick Spaling, Stu Bickel) at 15:11
3. Staline , Matt Pettinger 29 (Keith Yandle, David Desharnais) at 15:21
Penalties :
Matt Pettinger (StJ) for Hooking (Minor) at 4:33, Danny Kristo (StJ) for Interference (Minor) at 5:41, Jonathan Huberdeau (Lon) for High sticking (Minor) at 11:40, Steven Goertzen (StJ) for Holding (Minor) at 15:26, Jonathan Huberdeau (Lon) for Holding (Minor) at 19:53
3rd period
4. Knights , Craig Adams 5 (Jimmy Hayes) at 0:04 (SH)
5. Staline , Nick Spaling 22 (Keith Yandle, Stu Bickel) at 0:38 (PP)
6. Staline , Cody Eakin 15 (Philip Larsen, Nick Spaling) at 5:02
7. Staline , James Sheppard 11 (Jon Merrill, Danny Kristo) at 9:03
8. Knights , James Wright 16 (Chris Thorburn, Jared Spurgeon) at 15:17 (PP)
9. Staline , David Desharnais 26 (Matt Pettinger) at 17:54 (PP)
Penalties :
James Wright (Lon) for Interference (Minor) at 6:18, Tomas Kundratek (Lon) for Holding (Minor) at 12:44, Dustin Kohn (StJ) for Roughing (Minor) at 15:05, Scott Jackson (Lon) for Holding (Minor) at 17:50
Goalie Stats
Ben Scrivens (Lon), 23 saves from 29 shots - (0,793), L, 11-4-2, 60:00 minutes
Allen York (StJ), 33 saves from 36 shots - (0,917), W, 23-12-5, 60:00 minutes
Players Stats for Knights
Player Name G A P +/- PIM S H SB GA TA FO MP PP MP PK MP
------------------------------------------------------------------------------------
Alan Quine 0 0 0 -1 0 2 0 0 0 0 0/8 10:00 0:00 0:00
Chris Thorburn 0 2 2 -1 0 1 4 0 2 0 1/3 18:36 3:28 0:00
Cody Bass 0 0 0 0 0 1 1 0 1 0 4/6 10:57 0:04 0:38
Craig Adams 1 0 1 0 0 4 2 1 0 1 2/3 17:24 2:44 4:05
James Wright 2 0 2 -1 2 6 2 0 1 0 11/22 19:58 3:28 0:57
Jared Spurgeon 0 1 1 1 0 0 0 1 0 0 0/0 23:15 3:52 4:38
Jason Zucker 0 0 0 -1 0 0 1 1 2 0 1/2 19:09 2:44 1:20
Jimmy Hayes 0 1 1 -1 0 4 3 1 0 0 5/7 16:02 0:04 4:04
Joe Colborne 0 0 0 -2 0 7 2 1 0 0 2/4 13:20 2:44 0:00
Jonathan Huberdeau 0 0 0 0 4 0 1 0 1 0 1/1 11:15 0:00 0:26
Linden Vey 0 0 0 0 0 0 1 0 0 0 0/0 10:19 0:04 0:00
Michael Raffl 0 1 1 -2 0 1 2 0 0 0 0/1 16:10 3:28 2:02
Michael Stone 0 0 0 -2 0 0 2 2 0 0 0/0 15:00 0:00 0:00
Nikita Nikitin 0 0 0 -2 0 1 0 1 0 1 0/0 21:45 2:24 2:08
Ronalds Kenins 0 0 0 -1 0 0 1 1 0 0 0/0 10:00 0:00 0:00
Scott Jackson 0 0 0 0 2 3 0 0 0 0 0/0 17:33 2:24 2:08
Tomas Kundratek 0 0 0 -1 2 6 4 1 1 0 0/0 25:44 3:52 3:11
Zach Trotman 0 0 0 -2 0 0 0 3 0 0 0/0 16:42 0:00 1:27
Players Stats for Staline
Player Name G A P +/- PIM S H SB GA TA FO MP PP MP PK MP
------------------------------------------------------------------------------------
Barclay Goodrow 0 0 0 0 0 0 2 0 0 0 0/0 8:46 0:00 0:00
Brandon Burlon 0 0 0 1 0 0 2 1 1 1 0/0 21:05 2:36 2:21
Brandon Mashinter 0 0 0 0 0 3 1 1 0 0 5/5 8:46 0:00 0:00
Bryan Bickell 0 0 0 0 0 3 0 0 0 0 1/2 11:35 0:00 2:34
Cody Eakin 1 0 1 2 0 1 0 1 0 0 4/7 16:04 2:59 1:20
Corey Trivino 0 0 0 1 0 1 0 0 0 0 4/6 11:20 0:00 0:00
Danny Kristo 0 1 1 1 2 2 2 0 0 0 0/0 11:19 0:00 0:00
David Desharnais 1 1 2 0 0 5 1 0 0 0 11/28 20:08 3:47 1:17
Dustin Kohn 0 0 0 1 2 0 1 1 1 1 0/0 17:45 2:36 2:21
James Sheppard 1 0 1 1 0 1 3 0 0 1 0/0 12:42 0:00 1:22
Jon Merrill 0 1 1 2 0 1 0 4 0 0 0/0 19:01 0:00 3:55
Keith Yandle 0 2 2 0 0 2 3 0 0 1 0/0 23:13 4:10 0:00
Matt Pettinger 1 1 2 0 4 4 4 0 0 2 3/4 21:02 3:47 2:10
Nick Spaling 1 2 3 2 0 4 2 0 0 0 0/0 17:59 2:59 1:17
Philip Larsen 0 1 1 2 0 0 1 4 0 0 0/0 11:56 0:00 0:00
Steven Goertzen 0 0 0 0 2 0 0 1 0 0 1/3 19:15 3:47 2:32
Stu Bickel 0 2 2 0 0 1 1 0 0 2 0/0 26:59 4:10 3:55
Tobias Rieder 1 0 1 2 0 1 2 0 0 0 1/2 14:44 2:59 0:00
3 Stars
1 - Nick Spaling (StJ)
2 - Tobias Rieder (StJ)
3 - David Desharnais (StJ)
Power Play
Knights - 2 on 5 Attempt(s) - 40,00%
Staline - 2 on 5 Attempt(s) - 40,00%
Penalty Kill
Knights - 3 on 5 Attempt(s) - 60,00%
- Score 1 goal in Penalty Kill
Staline - 3 on 5 Attempt(s) - 60,00%
- Score 0 goal in Penalty Kill
Team Stat
Knights - Hits : 26 - Faceoff Wins : 27 - Blocked Shots : 13 - Penalty Minutes : 10
Staline - Hits : 25 - Faceoff Wins : 30 - Blocked Shots : 13 - Penalty Minutes : 10
Official
Referees : Hasenfratz Mike and Kozari Steve
Linesman : Thor Nelson and Vaughan Rody
Game Notes
No Game Note
Finance
Level 1 -- Attendance: 1353 (67,65%) -- Ticket Income 47 355 $
Level 2 -- Attendance: 793 (79,30%) -- Ticket Income 11 895 $
Total Attendance: 2146 (71,53%)
Total Ticket Income: 59 250 $
Other Income: 2 962 $
Total Income: 62 212 $
Knights
5 vs 5 Forward
Center Left Wing Right Wing Time % Phy DF OF
1 James Wright Jason Zucker Chris Thorburn 40 0 2 3
2 Joe Colborne Michael Raffl Jimmy Hayes 30 0 2 3
3 Cody Bass Jonathan Huberdeau Linden Vey 15 0 2 3
4 Alan Quine Ronalds Kenins Craig Adams 15 1 2 2
5 vs 5 Defense
Defense Defense Time % Phy DF OF
1 Tomas Kundratek Nikita Nikitin 40 1 2 2
2 Jared Spurgeon Scott Jackson 30 1 2 2
3 Michael Stone Zach Trotman 20 1 2 2
4 Tomas Kundratek Jared Spurgeon 10 1 2 2
PowerPlay Forward
Center Left Wing Right Wing Time % Phy DF OF
1 James Wright Michael Raffl Chris Thorburn 60 0 1 4
2 Joe Colborne Jason Zucker Craig Adams 40 0 1 4
PowerPlay Defense
Defense Defense Time % Phy DF OF
1 Tomas Kundratek Jared Spurgeon 60 0 1 4
2 Nikita Nikitin Scott Jackson 40 0 1 4
Penalty Kill 4 Players Forward
Center Wing Time % Phy DF OF
1 Jimmy Hayes Craig Adams 60 1 2 2
2 James Wright Michael Raffl 40 1 2 2
Penalty Kill 4 Players Defense
Defense Defense Time % Phy DF OF
1 Tomas Kundratek Jared Spurgeon 60 1 2 2
2 Nikita Nikitin Scott Jackson 40 1 2 2
Penalty Kill - 3 Players Forward
Forward Time % Phy DF OF
1 Craig Adams 60 1 2 2
2 Jimmy Hayes 40 1 2 2
Penalty Kill - 3 Players Defense
Defense Defense Time % Phy DF OF
1 Tomas Kundratek Jared Spurgeon 60 1 2 2
2 Nikita Nikitin Scott Jackson 40 1 2 2
4 vs 4 Forward
Center Wing Time % Phy DF OF
1 Chris Thorburn Craig Adams 60 1 2 2
2 James Wright Michael Raffl 40 1 2 2
4 vs 4 Defense
Defense Defense Time % Phy DF OF
1 Tomas Kundratek Jared Spurgeon 60 1 2 2
2 Nikita Nikitin Scott Jackson 40 1 2 2
Last Minutes Offensive
Center Left Wing Right Wing Defense Defense
James Wright Jason Zucker Chris Thorburn Tomas Kundratek Jared Spurgeon
Last Minutes Defensive
Center Left Wing Right Wing Defense Defense
James Wright Michael Raffl Chris Thorburn Tomas Kundratek Jared Spurgeon
Goaltenders
Starting : Ben Scrivens
Backup : Jeff Glass
Extra Forwards
Normal : Cody Bass, Linden Vey, Jason Zucker - PP : Cody Bass, Linden Vey - PK : Jason Zucker
Extra Defensemen
Normal : Michael Stone, Zach Trotman, Nikita Nikitin - PP : Michael Stone - PK : Zach Trotman, Nikita Nikitin
Penalty Shots
Chris Thorburn, Craig Adams, James Wright, Michael Raffl, Joe Colborne
Staline
5 vs 5 Forward
Center Left Wing Right Wing Time % Phy DF OF
1 David Desharnais Matt Pettinger Steven Goertzen 40 1 2 2
2 Cody Eakin Nick Spaling Tobias Rieder 30 1 2 2
3 Corey Trivino James Sheppard Danny Kristo 20 1 2 2
4 Brandon Mashinter Bryan Bickell Barclay Goodrow 10 1 2 2
5 vs 5 Defense
Defense Defense Time % Phy DF OF
1 Stu Bickel Keith Yandle 40 1 2 2
2 Jon Merrill Brandon Burlon 30 1 2 2
3 Philip Larsen Dustin Kohn 20 1 2 2
4 Stu Bickel Keith Yandle 10 1 2 2
PowerPlay Forward
Center Left Wing Right Wing Time % Phy DF OF
1 David Desharnais Matt Pettinger Steven Goertzen 60 1 2 2
2 Cody Eakin Nick Spaling Tobias Rieder 40 1 2 2
PowerPlay Defense
Defense Defense Time % Phy DF OF
1 Stu Bickel Keith Yandle 60 1 2 2
2 Dustin Kohn Brandon Burlon 40 1 2 2
Penalty Kill 4 Players Forward
Center Wing Time % Phy DF OF
1 Matt Pettinger Steven Goertzen 60 1 2 2
2 Nick Spaling David Desharnais 40 1 2 2
Penalty Kill 4 Players Defense
Defense Defense Time % Phy DF OF
1 Stu Bickel Jon Merrill 60 1 2 2
2 Dustin Kohn Brandon Burlon 40 1 2 2
Penalty Kill - 3 Players Forward
Forward Time % Phy DF OF
1 Matt Pettinger 60 1 2 2
2 Steven Goertzen 40 1 2 2
Penalty Kill - 3 Players Defense
Defense Defense Time % Phy DF OF
1 Stu Bickel Jon Merrill 60 1 2 2
2 Dustin Kohn Brandon Burlon 40 1 2 2
4 vs 4 Forward
Center Wing Time % Phy DF OF
1 Matt Pettinger Steven Goertzen 60 1 2 2
2 Nick Spaling David Desharnais 40 1 2 2
4 vs 4 Defense
Defense Defense Time % Phy DF OF
1 Stu Bickel Keith Yandle 60 1 2 2
2 Dustin Kohn Brandon Burlon 40 1 2 2
Last Minutes Offensive
Center Left Wing Right Wing Defense Defense
David Desharnais Matt Pettinger Steven Goertzen Stu Bickel Keith Yandle
Last Minutes Defensive
Center Left Wing Right Wing Defense Defense
David Desharnais Matt Pettinger Steven Goertzen Stu Bickel Keith Yandle
Goaltenders
Starting : Allen York
Backup : Joni Ortio
Extra Forwards
Normal : James Sheppard, Corey Trivino, Bryan Bickell - PP : James Sheppard, Corey Trivino - PK : Bryan Bickell
Extra Defensemen
Normal : Philip Larsen, Jon Merrill, Dustin Kohn - PP : Philip Larsen - PK : Jon Merrill, Dustin Kohn
Penalty Shots
Matt Pettinger, Steven Goertzen, Nick Spaling, David Desharnais, James Sheppard
% Time on Ice - Knights
Lines # - Real PCT - Wanted PCT - Time Play
Normal Forward
1 - 35% - 40% - 16:29
2 - 23% - 30% - 10:36
3 - 21% - 15% - 9:53
4 - 21% - 15% - 10:00
Normal Defense
1 - 37% - 40% - 17:13
2 - 28% - 30% - 13:02
3 - 32% - 20% - 15:00
4 - 4% - 10% - 1:43
PP Forward
1 - 56% - 60% - 3:32
2 - 44% - 40% - 2:44
PP Defense
1 - 62% - 60% - 3:52
2 - 38% - 40% - 2:24
PK Forward
1 - 77% - 60% - 5:14
2 - 23% - 40% - 1:32
PK Defense
1 - 68% - 60% - 4:38
2 - 32% - 40% - 2:08
PK3 Forward
1 - 0% - 60%
2 - 0% - 40%
PK3 Defense
1 - 0% - 60%
2 - 0% - 40%
44 Forward
1 - 0% - 60%
2 - 0% - 40%
44 Defense
1 - 0% - 60%
2 - 0% - 40%
Last Minute Offensive - 0:00
Last Minute Defensive - 0:00
Total
Forward - 60:00
Defense - 60:00
|
% Time on Ice - Staline
Lines # - Real PCT - Wanted PCT - Time Play
Normal Forward
1 - 28% - 40% - 12:57
2 - 30% - 30% - 13:55
3 - 24% - 20% - 11:20
4 - 19% - 10% - 8:46
Normal Defense
1 - 38% - 40% - 17:37
2 - 35% - 30% - 16:31
3 - 24% - 20% - 11:21
4 - 3% - 10% - 1:29
PP Forward
1 - 56% - 60% - 3:47
2 - 44% - 40% - 2:59
PP Defense
1 - 62% - 60% - 4:10
2 - 38% - 40% - 2:36
PK Forward
1 - 80% - 60% - 4:59
2 - 20% - 40% - 1:17
PK Defense
1 - 63% - 60% - 3:55
2 - 38% - 40% - 2:21
PK3 Forward
1 - 0% - 60%
2 - 0% - 40%
PK3 Defense
1 - 0% - 60%
2 - 0% - 40%
44 Forward
1 - 0% - 60%
2 - 0% - 40%
44 Defense
1 - 0% - 60%
2 - 0% - 40%
Last Minute Offensive - 0:00
Last Minute Defensive - 0:00
Total
Forward - 60:00
Defense - 60:00
|
Play by Play
1st period
0:01 of 1st period - James Wright wins face-off versus Steven Goertzen in neutral zone.
0:34 of 1st period - Icing by Nick Spaling.
0:35 of 1st period - Cody Bass wins face-off versus Cody Eakin in Staline zone.
0:42 of 1st period - Snap shot by Cody Bass.
0:42 of 1st period - Stopped by Allen York with a rebound.
1:17 of 1st period - Snap shot by Nick Spaling.
1:17 of 1st period - Shot Misses the Net.
1:22 of 1st period - Icing by Scott Jackson.
1:23 of 1st period - Jonathan Huberdeau wins face-off versus Corey Trivino in Knights zone.
2:55 of 1st period - Keith Yandle is hit by Tomas Kundratek and loses puck.
3:24 of 1st period - Keith Yandle is hit by Chris Thorburn and loses puck.
3:37 of 1st period - Slapshot by Keith Yandle.
3:37 of 1st period - Deflect By Michael Stone.
3:37 of 1st period - Stopped by Ben Scrivens without a rebound.
3:38 of 1st period - Corey Trivino wins face-off versus Craig Adams in Knights zone.
3:43 of 1st period - Slapshot by James Sheppard.
3:43 of 1st period - Shot Misses the Net.
3:45 of 1st period - Snap shot by Jon Merrill.
3:45 of 1st period - Stopped by Ben Scrivens with a rebound.
4:03 of 1st period - Brandon Burlon is hit by Tomas Kundratek and loses puck.
4:10 of 1st period - Wrist shot by Jason Zucker.
4:10 of 1st period - Shot Blocked by Jon Merrill.
5:28 of 1st period - Slapshot by Craig Adams.
5:28 of 1st period - Stopped by Allen York without a rebound.
5:29 of 1st period - Cody Eakin wins face-off versus Alan Quine in Staline zone.
6:01 of 1st period - Off-side.
6:02 of 1st period - James Wright wins face-off versus David Desharnais in neutral zone.
6:34 of 1st period - Tomas Kundratek is hit by Keith Yandle and loses puck.
6:51 of 1st period - Snap shot by Danny Kristo.
6:51 of 1st period - Shot Misses the Net.
6:53 of 1st period - Slapshot by Brandon Burlon.
6:53 of 1st period - Shot Misses the Net.
6:55 of 1st period - Slapshot by Brandon Burlon.
6:55 of 1st period - Shot Misses the Net.
7:58 of 1st period - Snap shot by Cody Eakin.
7:58 of 1st period - Shot Misses the Net.
8:19 of 1st period - Wrist shot by Joe Colborne.
8:19 of 1st period - Stopped by Allen York with a rebound.
8:21 of 1st period - Slapshot by Jimmy Hayes.
8:21 of 1st period - Shot Misses the Net.
8:44 of 1st period - Snap shot by Jimmy Hayes.
8:44 of 1st period - Stopped by Allen York with a rebound.
8:46 of 1st period - Slapshot by Tomas Kundratek.
8:46 of 1st period - Deflect By Keith Yandle.
8:46 of 1st period - Stopped by Allen York without a rebound.
8:47 of 1st period - David Desharnais wins face-off versus James Wright in Staline zone.
8:47 of 1st period - David Desharnais is hit by Chris Thorburn.
9:01 of 1st period - Wrist shot by David Desharnais.
9:01 of 1st period - Stopped by Ben Scrivens with a rebound.
9:03 of 1st period - Wrist shot by Matt Pettinger.
9:03 of 1st period - Stopped by Ben Scrivens with a rebound.
9:10 of 1st period - Icing by Jared Spurgeon.
9:11 of 1st period - Cody Eakin wins face-off versus Alan Quine in Knights zone.
9:43 of 1st period - Slapshot by Matt Pettinger.
9:43 of 1st period - Stopped by Ben Scrivens without a rebound.
9:44 of 1st period - Chris Thorburn wins face-off versus David Desharnais in Knights zone.
9:57 of 1st period - Snap shot by James Wright.
9:57 of 1st period - Stopped by Allen York with a rebound.
9:59 of 1st period - Minor Penalty to Matt Pettinger for Holding Stick.
10:00 of 1st period - James Wright wins face-off versus Bryan Bickell in Staline zone.
10:01 of 1st period - Slapshot by Chris Thorburn.
10:01 of 1st period - Shot Hit the Post.
10:03 of 1st period - Backhand shot by Tomas Kundratek.
10:03 of 1st period - Shot Misses the Net.
10:35 of 1st period - Backhand shot by Craig Adams.
10:35 of 1st period - Stopped by Allen York without a rebound.
10:36 of 1st period - Joe Colborne wins face-off versus Steven Goertzen in Staline zone.
10:47 of 1st period - Slapshot by Joe Colborne.
10:47 of 1st period - Stopped by Allen York with a rebound.
10:49 of 1st period - Snap shot by Jason Zucker.
10:49 of 1st period - Shot Misses the Net.
10:51 of 1st period - Snap shot by Joe Colborne.
10:51 of 1st period - Shot Misses the Net.
11:01 of 1st period - Steven Goertzen is hit by James Wright.
11:35 of 1st period - Stu Bickel is hit by Joe Colborne and loses puck.
11:59 of 1st period - Penalty to Matt Pettinger is over, Matt Pettinger is back on ice.
12:54 of 1st period - Zach Trotman is hit by Matt Pettinger and loses puck.
13:39 of 1st period - Slapshot by David Desharnais.
13:39 of 1st period - Stopped by Ben Scrivens with a rebound.
13:51 of 1st period - Wrist shot by Matt Pettinger.
13:51 of 1st period - Deflect By Nick Spaling.
13:51 of 1st period - Stopped by Ben Scrivens with a rebound.
14:08 of 1st period - Off-side.
14:09 of 1st period - James Wright wins face-off versus Corey Trivino in neutral zone.
14:31 of 1st period - Icing by Tomas Kundratek.
14:32 of 1st period - Brandon Mashinter wins face-off versus James Wright in Knights zone.
14:53 of 1st period - Slapshot by James Wright.
14:53 of 1st period - Shot Blocked by Jon Merrill.
15:01 of 1st period - Slapshot by James Wright.
15:01 of 1st period - Stopped by Allen York with a rebound.
15:15 of 1st period - Snap shot by James Wright.
15:15 of 1st period - Stopped by Allen York without a rebound.
15:16 of 1st period - Brandon Mashinter wins face-off versus Joe Colborne in Staline zone.
16:13 of 1st period - Off-side.
16:14 of 1st period - Corey Trivino wins face-off versus Alan Quine in neutral zone.
16:47 of 1st period - Tomas Kundratek is hit by Barclay Goodrow and loses puck.
16:58 of 1st period - Wrist shot by Cody Eakin.
16:58 of 1st period - Shot Blocked by Nikita Nikitin.
17:56 of 1st period - Slapshot by Keith Yandle.
17:56 of 1st period - Shot Blocked by Zach Trotman.
17:58 of 1st period - Snap shot by Brandon Mashinter.
17:58 of 1st period - Shot Blocked by Michael Stone.
18:35 of 1st period - Snap shot by Ronalds Kenins.
18:35 of 1st period - Deflect By Danny Kristo.
18:35 of 1st period - Shot Blocked by Jon Merrill.
18:35 of 1st period - Puck is out of play.
18:36 of 1st period - David Desharnais wins face-off versus Alan Quine in Staline zone.
19:02 of 1st period - Craig Adams is hit by Barclay Goodrow and loses puck.
19:09 of 1st period - Slapshot by Tomas Kundratek.
19:09 of 1st period - Stopped by Allen York with a rebound.
19:11 of 1st period - Snap shot by Craig Adams.
19:11 of 1st period - Deflect By Alan Quine.
19:11 of 1st period - Stopped by Allen York with a rebound.
19:13 of 1st period - Slapshot by Scott Jackson.
19:13 of 1st period - Shot Misses the Net.
19:15 of 1st period - Slapshot by Craig Adams.
19:15 of 1st period - Shot Misses the Net.
19:17 of 1st period - Slapshot by Jared Spurgeon.
19:17 of 1st period - Shot Blocked by Brandon Mashinter.
19:19 of 1st period - Slapshot by Scott Jackson.
19:19 of 1st period - Shot Blocked by Brandon Burlon.
19:21 of 1st period - Snap shot by Scott Jackson.
19:21 of 1st period - Shot Misses the Net.
19:23 of 1st period - Snap shot by Craig Adams.
19:23 of 1st period - Shot Blocked by Jon Merrill.
19:25 of 1st period - Snap shot by Scott Jackson.
19:25 of 1st period - Stopped by Allen York with a rebound.
19:27 of 1st period - Slapshot by Scott Jackson.
19:27 of 1st period - Shot Misses the Net.
Goals for this period are 0 for Knights vs 0 for Staline.
Shots for this period are 13 for Knights vs 7 for Staline.
2nd period
0:01 of 2nd period - James Wright wins face-off versus David Desharnais in neutral zone.
0:04 of 2nd period - Keith Yandle is hit by Chris Thorburn and loses puck.
0:25 of 2nd period - Keith Yandle is hit by Jimmy Hayes.
1:25 of 2nd period - Wrist shot by James Wright.
1:25 of 2nd period - Shot Misses the Net.
1:27 of 2nd period - Slapshot by Tomas Kundratek.
1:27 of 2nd period - Stopped by Allen York with a rebound.
1:29 of 2nd period - Slapshot by James Wright.
1:29 of 2nd period - Stopped by Allen York with a rebound.
2:07 of 2nd period - Wrist shot by Craig Adams.
2:07 of 2nd period - Stopped by Allen York with a rebound.
2:09 of 2nd period - Slapshot by Jared Spurgeon.
2:09 of 2nd period - Shot Blocked by Philip Larsen.
2:11 of 2nd period - Slapshot by Scott Jackson.
2:11 of 2nd period - Shot Blocked by Philip Larsen.
2:13 of 2nd period - Slapshot by Scott Jackson.
2:13 of 2nd period - Shot Misses the Net.
2:27 of 2nd period - Michael Stone is hit by Philip Larsen and loses puck.
2:48 of 2nd period - Brandon Mashinter is hit by Michael Stone and loses puck.
3:03 of 2nd period - Nick Spaling is hit by Cody Bass and loses puck.
3:20 of 2nd period - David Desharnais is hit by James Wright and loses puck.
3:27 of 2nd period - Philip Larsen is hit by Tomas Kundratek and loses puck.
3:50 of 2nd period - Backhand shot by Danny Kristo.
3:50 of 2nd period - Stopped by Ben Scrivens with a rebound.
4:25 of 2nd period - Snap shot by Linden Vey.
4:25 of 2nd period - Shot Misses the Net.
4:27 of 2nd period - Slapshot by Linden Vey.
4:27 of 2nd period - Shot Misses the Net.
4:29 of 2nd period - Snap shot by Scott Jackson.
4:29 of 2nd period - Stopped by Allen York without a rebound.
4:30 of 2nd period - David Desharnais wins face-off versus James Wright in Staline zone.
4:30 of 2nd period - David Desharnais is hit by Jason Zucker.
4:33 of 2nd period - Minor Penalty to Matt Pettinger for Hooking.
4:34 of 2nd period - Bryan Bickell wins face-off versus James Wright in Staline zone.
4:40 of 2nd period - Wrist shot by James Wright.
4:40 of 2nd period - Goal by James Wright - Knights : 1 - Staline : 0.
4:41 of 2nd period - David Desharnais wins face-off versus James Wright in neutral zone.
5:10 of 2nd period - Tomas Kundratek is hit by Keith Yandle.
5:41 of 2nd period - Minor Penalty to Danny Kristo for Interference.
5:42 of 2nd period - Matt Pettinger wins face-off versus Michael Raffl in Staline zone.
7:41 of 2nd period - Penalty to Danny Kristo is over, Danny Kristo is back on ice.
7:59 of 2nd period - Wrist shot by Tomas Kundratek.
7:59 of 2nd period - Deflect By Philip Larsen.
7:59 of 2nd period - Stopped by Allen York without a rebound.
8:00 of 2nd period - Tobias Rieder wins face-off versus Cody Bass in Staline zone.
8:14 of 2nd period - Michael Stone is hit by Nick Spaling and loses puck.
8:27 of 2nd period - Zach Trotman is hit by Danny Kristo and loses puck.
8:36 of 2nd period - Stu Bickel is hit by Craig Adams and loses puck.
8:51 of 2nd period - Snap shot by Michael Raffl.
8:51 of 2nd period - Stopped by Allen York with a rebound.
8:53 of 2nd period - Wrist shot by Joe Colborne.
8:53 of 2nd period - Stopped by Allen York with a rebound.
8:55 of 2nd period - Snap shot by Joe Colborne.
8:55 of 2nd period - Stopped by Allen York with a rebound.
8:57 of 2nd period - Backhand shot by Michael Stone.
8:57 of 2nd period - Shot Blocked by Steven Goertzen.
9:07 of 2nd period - Snap shot by Brandon Mashinter.
9:07 of 2nd period - Stopped by Ben Scrivens with a rebound.
9:09 of 2nd period - Slapshot by Barclay Goodrow.
9:09 of 2nd period - Shot Blocked by Jason Zucker.
9:11 of 2nd period - Wrist shot by Bryan Bickell.
9:11 of 2nd period - Stopped by Ben Scrivens with a rebound.
9:13 of 2nd period - Snap shot by Brandon Mashinter.
9:13 of 2nd period - Stopped by Ben Scrivens with a rebound.
9:15 of 2nd period - Snap shot by Bryan Bickell.
9:15 of 2nd period - Shot Misses the Net.
9:17 of 2nd period - Snap shot by Brandon Mashinter.
9:17 of 2nd period - Shot Misses the Net.
9:52 of 2nd period - Jared Spurgeon is hit by James Sheppard and loses puck.
10:15 of 2nd period - Stu Bickel is hit by Craig Adams and loses puck.
10:28 of 2nd period - Wrist shot by Brandon Mashinter.
10:28 of 2nd period - Shot Misses the Net.
10:34 of 2nd period - Slapshot by Bryan Bickell.
10:34 of 2nd period - Stopped by Ben Scrivens with a rebound.
10:36 of 2nd period - Slapshot by Stu Bickel.
10:36 of 2nd period - Shot Blocked by Michael Stone.
10:38 of 2nd period - Snap shot by Barclay Goodrow.
10:38 of 2nd period - Shot Misses the Net.
11:40 of 2nd period - Minor Penalty to Jonathan Huberdeau for High sticking.
11:41 of 2nd period - Craig Adams wins face-off versus David Desharnais in Knights zone.
11:50 of 2nd period - Slapshot by Keith Yandle.
11:50 of 2nd period - Shot Blocked by Tomas Kundratek.
11:52 of 2nd period - Slapshot by Stu Bickel.
11:52 of 2nd period - Stopped by Ben Scrivens without a rebound.
11:53 of 2nd period - David Desharnais wins face-off versus Jimmy Hayes in Knights zone.
13:40 of 2nd period - Penalty to Jonathan Huberdeau is over, Jonathan Huberdeau is back on ice.
13:46 of 2nd period - Slapshot by Scott Jackson.
13:46 of 2nd period - Stopped by Allen York with a rebound.
14:14 of 2nd period - Icing by Jimmy Hayes.
14:15 of 2nd period - Brandon Mashinter wins face-off versus James Wright in Knights zone.
14:18 of 2nd period - Snap shot by Brandon Mashinter.
14:18 of 2nd period - Shot Misses the Net.
14:20 of 2nd period - Snap shot by Bryan Bickell.
14:20 of 2nd period - Shot Misses the Net.
14:22 of 2nd period - Snap shot by Stu Bickel.
14:22 of 2nd period - Shot Misses the Net.
14:24 of 2nd period - Wrist shot by Brandon Mashinter.
14:24 of 2nd period - Deflect By Bryan Bickell.
14:24 of 2nd period - Shot Blocked by Zach Trotman.
14:24 of 2nd period - Puck is out of play.
14:25 of 2nd period - David Desharnais wins face-off versus James Wright in Knights zone.
14:31 of 2nd period - Icing by Jason Zucker.
14:32 of 2nd period - Steven Goertzen wins face-off versus Jason Zucker in Knights zone.
14:35 of 2nd period - Wrist shot by Steven Goertzen.
14:35 of 2nd period - Deflect By Matt Pettinger.
14:35 of 2nd period - Stopped by Ben Scrivens without a rebound.
14:36 of 2nd period - James Wright wins face-off versus David Desharnais in Knights zone.
14:36 of 2nd period - James Wright is hit by Matt Pettinger.
14:46 of 2nd period - Jason Zucker is hit by Keith Yandle and loses puck.
15:05 of 2nd period - Wrist shot by Nick Spaling.
15:05 of 2nd period - Stopped by Ben Scrivens with a rebound.
15:07 of 2nd period - Snap shot by Nick Spaling.
15:07 of 2nd period - Shot Blocked by Joe Colborne.
15:09 of 2nd period - Snap shot by Nick Spaling.
15:09 of 2nd period - Shot Misses the Net.
15:11 of 2nd period - Snap shot by Tobias Rieder.
15:11 of 2nd period - Goal by Tobias Rieder - Knights : 1 - Staline : 1.
15:12 of 2nd period - David Desharnais wins face-off versus James Wright in neutral zone.
15:21 of 2nd period - Slapshot by Matt Pettinger.
15:21 of 2nd period - Goal by Matt Pettinger - Knights : 1 - Staline : 2.
15:22 of 2nd period - James Wright wins face-off versus David Desharnais in neutral zone.
15:26 of 2nd period - Minor Penalty to Steven Goertzen for Holding.
15:27 of 2nd period - Matt Pettinger wins face-off versus James Wright in Staline zone.
16:34 of 2nd period - Jason Zucker is hit by James Sheppard and loses puck.
16:41 of 2nd period - Scott Jackson is hit by James Sheppard and loses puck.
16:54 of 2nd period - Brandon Burlon is hit by Michael Raffl and loses puck.
17:26 of 2nd period - Penalty to Steven Goertzen is over, Steven Goertzen is back on ice.
17:28 of 2nd period - Snap shot by Nikita Nikitin.
17:28 of 2nd period - Stopped by Allen York without a rebound.
17:29 of 2nd period - Cody Bass wins face-off versus David Desharnais in Staline zone.
17:30 of 2nd period - Snap shot by Linden Vey.
17:30 of 2nd period - Deflect By Jimmy Hayes.
17:30 of 2nd period - Stopped by Allen York with a rebound.
17:36 of 2nd period - Wrist shot by David Desharnais.
17:36 of 2nd period - Stopped by Ben Scrivens with a rebound.
17:59 of 2nd period - Slapshot by Keith Yandle.
17:59 of 2nd period - Stopped by Ben Scrivens with a rebound.
18:13 of 2nd period - Chris Thorburn is hit by Brandon Mashinter and loses puck.
18:26 of 2nd period - Zach Trotman is hit by Matt Pettinger and loses puck.
18:39 of 2nd period - Slapshot by Jason Zucker.
18:39 of 2nd period - Shot Misses the Net.
19:21 of 2nd period - Brandon Burlon is hit by Michael Stone and loses puck.
19:36 of 2nd period - Wrist shot by Brandon Mashinter.
19:36 of 2nd period - Stopped by Ben Scrivens without a rebound.
19:37 of 2nd period - Cody Bass wins face-off versus Tobias Rieder in Knights zone.
19:53 of 2nd period - Minor Penalty to Jonathan Huberdeau for Holding.
19:54 of 2nd period - Jimmy Hayes wins face-off versus David Desharnais in Knights zone.
Goals for this period are 1 for Knights vs 2 for Staline.
Shots for this period are 12 for Knights vs 13 for Staline.
3rd period
0:01 of 3rd period - Craig Adams wins face-off versus David Desharnais in neutral zone.
0:04 of 3rd period - Snap shot by Craig Adams.
0:04 of 3rd period - Goal by Craig Adams - Knights : 2 - Staline : 2.
0:05 of 3rd period - Jimmy Hayes wins face-off versus David Desharnais in neutral zone.
0:16 of 3rd period - Slapshot by Stu Bickel.
0:16 of 3rd period - Shot Misses the Net.
0:18 of 3rd period - Slapshot by Stu Bickel.
0:18 of 3rd period - Shot Blocked by Craig Adams.
0:38 of 3rd period - Snap shot by Nick Spaling.
0:38 of 3rd period - Goal by Nick Spaling - Knights : 2 - Staline : 3.
0:39 of 3rd period - David Desharnais wins face-off versus James Wright in neutral zone.
0:51 of 3rd period - Wrist shot by David Desharnais.
0:51 of 3rd period - Stopped by Ben Scrivens without a rebound.
0:52 of 3rd period - James Wright wins face-off versus David Desharnais in Knights zone.
1:17 of 3rd period - Cody Eakin is hit by Joe Colborne and loses puck.
1:39 of 3rd period - Off-side.
1:40 of 3rd period - Corey Trivino wins face-off versus Alan Quine in neutral zone.
1:40 of 3rd period - Jon Merrill is hit by Ronalds Kenins and loses puck.
2:05 of 3rd period - James Sheppard is hit by Jimmy Hayes.
2:15 of 3rd period - Snap shot by Michael Raffl.
2:15 of 3rd period - Shot Blocked by Philip Larsen.
2:17 of 3rd period - Snap shot by Tomas Kundratek.
2:17 of 3rd period - Shot Blocked by Dustin Kohn.
2:44 of 3rd period - Jason Zucker is hit by Matt Pettinger and loses puck.
3:02 of 3rd period - Linden Vey is hit by Nick Spaling and loses puck.
3:08 of 3rd period - Icing by Cody Bass.
3:09 of 3rd period - Brandon Mashinter wins face-off versus Cody Bass in Knights zone.
3:16 of 3rd period - Snap shot by Bryan Bickell.
3:16 of 3rd period - Stopped by Ben Scrivens with a rebound.
3:26 of 3rd period - Keith Yandle is hit by Linden Vey.
3:42 of 3rd period - Icing by Michael Stone.
3:43 of 3rd period - Cody Bass wins face-off versus Cody Eakin in Knights zone.
3:52 of 3rd period - Jon Merrill is hit by Jonathan Huberdeau and loses puck.
5:00 of 3rd period - Snap shot by Nick Spaling.
5:00 of 3rd period - Shot Blocked by Jimmy Hayes.
5:02 of 3rd period - Snap shot by Philip Larsen.
5:02 of 3rd period - Deflect By Cody Eakin.
5:02 of 3rd period - Goal by Cody Eakin - Knights : 2 - Staline : 4.
5:03 of 3rd period - David Desharnais wins face-off versus Chris Thorburn in neutral zone.
5:31 of 3rd period - Tomas Kundratek is hit by Tobias Rieder and loses puck.
5:50 of 3rd period - Slapshot by Keith Yandle.
5:50 of 3rd period - Shot Blocked by Jared Spurgeon.
6:18 of 3rd period - Minor Penalty to James Wright for Interference.
6:19 of 3rd period - Jimmy Hayes wins face-off versus Matt Pettinger in Knights zone.
8:13 of 3rd period - Jimmy Hayes is hit by Dustin Kohn and loses puck.
8:18 of 3rd period - Penalty to James Wright is over, James Wright is back on ice.
8:29 of 3rd period - Wrist shot by Jimmy Hayes.
8:29 of 3rd period - Stopped by Allen York with a rebound.
8:49 of 3rd period - Slapshot by Tomas Kundratek.
8:49 of 3rd period - Deflect By Danny Kristo.
8:49 of 3rd period - Stopped by Allen York without a rebound.
8:50 of 3rd period - Corey Trivino wins face-off versus Alan Quine in Staline zone.
9:03 of 3rd period - Slapshot by James Sheppard.
9:03 of 3rd period - Goal by James Sheppard - Knights : 2 - Staline : 5.
9:04 of 3rd period - James Wright wins face-off versus David Desharnais in neutral zone.
9:09 of 3rd period - Snap shot by Chris Thorburn.
9:09 of 3rd period - Stopped by Allen York with a rebound.
9:39 of 3rd period - Snap shot by Jimmy Hayes.
9:39 of 3rd period - Shot Blocked by Cody Eakin.
9:41 of 3rd period - Wrist shot by Joe Colborne.
9:41 of 3rd period - Stopped by Allen York with a rebound.
10:01 of 3rd period - Snap shot by Danny Kristo.
10:01 of 3rd period - Stopped by Ben Scrivens with a rebound.
10:11 of 3rd period - Brandon Mashinter is hit by Tomas Kundratek and loses puck.
10:32 of 3rd period - Chris Thorburn is hit by Brandon Burlon.
10:54 of 3rd period - Philip Larsen is hit by Michael Raffl and loses puck.
11:09 of 3rd period - Ronalds Kenins is hit by Danny Kristo and loses puck.
11:16 of 3rd period - Wrist shot by Corey Trivino.
11:16 of 3rd period - Stopped by Ben Scrivens with a rebound.
11:57 of 3rd period - Icing by Chris Thorburn.
11:58 of 3rd period - James Wright wins face-off versus David Desharnais in Knights zone.
12:07 of 3rd period - Backhand shot by Chris Thorburn.
12:07 of 3rd period - Shot Misses the Net.
12:28 of 3rd period - Nick Spaling is hit by Jimmy Hayes and loses puck.
12:44 of 3rd period - Minor Penalty to Tomas Kundratek for Holding.
12:45 of 3rd period - Jimmy Hayes wins face-off versus David Desharnais in Knights zone.
13:41 of 3rd period - Icing by Brandon Burlon.
13:42 of 3rd period - James Wright wins face-off versus David Desharnais in Staline zone.
13:59 of 3rd period - Slapshot by Dustin Kohn.
13:59 of 3rd period - Deflect By Cody Eakin.
13:59 of 3rd period - Shot Misses the Net.
13:59 of 3rd period - Puck is out of play.
14:00 of 3rd period - Jimmy Hayes wins face-off versus Cody Eakin in Knights zone.
14:11 of 3rd period - Slapshot by Keith Yandle.
14:11 of 3rd period - Shot Blocked by Zach Trotman.
14:44 of 3rd period - Penalty to Tomas Kundratek is over, Tomas Kundratek is back on ice.
15:05 of 3rd period - Minor Penalty to Dustin Kohn for Roughing.
15:06 of 3rd period - Matt Pettinger wins face-off versus James Wright in Staline zone.
15:17 of 3rd period - Snap shot by James Wright.
15:17 of 3rd period - Goal by James Wright - Knights : 3 - Staline : 5.
15:18 of 3rd period - Jason Zucker wins face-off versus David Desharnais in neutral zone.
15:33 of 3rd period - Wrist shot by Matt Pettinger.
15:33 of 3rd period - Shot Misses the Net.
16:11 of 3rd period - Off-side.
16:12 of 3rd period - Cody Eakin wins face-off versus Alan Quine in neutral zone.
16:17 of 3rd period - Wrist shot by Craig Adams.
16:17 of 3rd period - Shot Misses the Net.
16:19 of 3rd period - Wrist shot by Alan Quine.
16:19 of 3rd period - Stopped by Allen York without a rebound.
16:20 of 3rd period - David Desharnais wins face-off versus Chris Thorburn in Staline zone.
16:20 of 3rd period - David Desharnais is hit by Chris Thorburn.
17:05 of 3rd period - Snap shot by Tobias Rieder.
17:05 of 3rd period - Deflect By Nick Spaling.
17:05 of 3rd period - Shot Blocked by Ronalds Kenins.
17:05 of 3rd period - Puck is out of play.
17:06 of 3rd period - Cody Eakin wins face-off versus Alan Quine in Knights zone.
17:13 of 3rd period - Slapshot by Keith Yandle.
17:13 of 3rd period - Shot Misses the Net.
17:31 of 3rd period - Jason Zucker is hit by David Desharnais and loses puck.
17:42 of 3rd period - Snap shot by David Desharnais.
17:42 of 3rd period - Shot Misses the Net.
17:44 of 3rd period - Snap shot by David Desharnais.
17:44 of 3rd period - Shot Misses the Net.
17:50 of 3rd period - Minor Penalty to Scott Jackson for Holding.
17:51 of 3rd period - David Desharnais wins face-off versus Jimmy Hayes in Knights zone.
17:52 of 3rd period - Wrist shot by Matt Pettinger.
17:52 of 3rd period - Shot Misses the Net.
17:54 of 3rd period - Slapshot by David Desharnais.
17:54 of 3rd period - Goal by David Desharnais - Knights : 3 - Staline : 6.
17:55 of 3rd period - Joe Colborne wins face-off versus David Desharnais in neutral zone.
18:02 of 3rd period - Snap shot by Jimmy Hayes.
18:02 of 3rd period - Stopped by Allen York with a rebound.
18:04 of 3rd period - Wrist shot by Joe Colborne.
18:04 of 3rd period - Stopped by Allen York with a rebound.
18:06 of 3rd period - Slapshot by Tomas Kundratek.
18:06 of 3rd period - Stopped by Allen York with a rebound.
18:20 of 3rd period - James Wright is hit by Stu Bickel and loses puck.
18:28 of 3rd period - Jason Zucker is hit by Brandon Burlon and loses puck.
19:04 of 3rd period - Slapshot by Joe Colborne.
19:04 of 3rd period - Stopped by Allen York without a rebound.
19:05 of 3rd period - Brandon Mashinter wins face-off versus Joe Colborne in Staline zone.
19:38 of 3rd period - Wrist shot by James Wright.
19:38 of 3rd period - Shot Blocked by Philip Larsen.
19:54 of 3rd period - Linden Vey is hit by Tobias Rieder and loses puck.
19:59 of 3rd period - Snap shot by Cody Eakin.
19:59 of 3rd period - Deflect By Nick Spaling.
19:59 of 3rd period - Stopped by Ben Scrivens with a rebound.
Goals for this period are 2 for Knights vs 4 for Staline.
Shots for this period are 11 for Knights vs 9 for Staline.
Back to the Top